 Dungeon Crawl Stone Soup version 0.27-a0-1144-g0b7d3b79db (webtiles) character file.

Game seed: 6022776932004713286

2510 siradein the Carver (level 9, 0/68 (71) HPs)
             Began as a Minotaur Fighter on May 11, 2021.
             Was an Initiate of Nemelex Xobeh.
             Slain by a wight
             ... wielding a +6 spear
              (1 damage)
             ... on level 8 of the Dungeon.
             The game lasted 00:25:36 (9067 turns).

siradein the Carver (Minotaur Fighter)              Turns: 9067, Time: 00:25:38

HP:   0/68 (71)     AC: 11    Str: 23    XL:     9   Next: 28%
MP:   8/8           EV:  3    Int:  5    God:    Nemelex Xobeh [......]
Gold: 262           SH: 15    Dex: 11    Spells: 8/8 levels left

rFire    + . .     SeeInvis .   F - +4 short sword (speed)
rCold    + . .     Faith    .   x - +1 tower shield {reflect}
rNeg     . . .     Spirit   .   t - +0 chain mail {rF+}
rPois    .         Reflect  +   (helmet restricted)
rElec    .         Harm     .   C - +0 cloak
rCorr    .         Rampage  .   m - +0 pair of gloves
Will     .....                  (no boots)
Stlth    ..........             (no amulet)
HPRegen  0.21/turn              p - ring of protection from cold
MPRegen  0.11/turn              (no ring)

@: lightly drained
A: horns 2, retaliatory headbutt
a: Renounce Religion, Draw Escape, Draw Destruction, Draw Summoning


You were on level 8 of the Dungeon.
You worshipped Nemelex Xobeh.
Nemelex Xobeh was noncommittal.
You visited 2 branches of the dungeon, and saw 9 of its levels.

You collected 262 gold pieces.

Inventory:

Hand Weapons
 a - a +0 long sword
 o - a +1 dagger of flaming
 s - a +2 short sword of venom
 F - a +4 short sword of speed (weapon)
Missiles
 e - 4 atropa-tipped darts (quivered)
 h - 89 bolts
Armour
 m - a +0 pair of gloves (worn)
 t - a +0 chain mail of fire resistance (worn)
 x - a +1 tower shield of reflection (worn)
 C - a +0 cloak (worn)
Jewellery
 p - a ring of protection from cold (left hand)
 H - a +4 ring of protection
Wands
 u - a wand of flame (14)
 v - a wand of mindburst (9)
 G - a wand of digging (4)
Scrolls
 b - a scroll of brand weapon {unknown}
 c - 2 scrolls of fog {unknown}
 f - 2 scrolls of fear {unknown}
 i - 2 scrolls of magic mapping {unknown}
 l - 2 scrolls of amnesia {unknown}
 n - 4 scrolls of identify {unknown}
 q - a scroll of torment {unknown}
 r - 2 scrolls of enchant weapon {unknown}
 w - a scroll of blinking {unknown}
 y - 3 scrolls of teleportation {unknown}
 E - a scroll of vulnerability {unknown}
Potions
 d - 3 potions of might
 g - a potion of haste {unknown}
 j - 3 potions of heal wounds {unknown}
 k - 4 potions of attraction {unknown}
 z - 2 potions of lignification {unknown}
 A - a potion of cancellation {unknown}
 B - a potion of magic {unknown}
 D - a potion of curing {unknown}


   Skills:
 + Level 4.2 Fighting
 - Level 14.0 Long Blades
 + Level 4.1 Armour
 + Level 4.1 Shields
 + Level 1.3 Invocations


You had 8 spell levels left.
You didn't know any spells.
Your spell library contained the following spells:

 Spells                   Type           Power      Damage    Failure   Level
 Magic Dart               Conj           0%         1d3       100%        1
 Blink                    Tloc           N/A        N/A       100%        2
 Call Imp                 Summ           0%         N/A       100%        2
 Slow                     Hex            0%         N/A       100%        2
 Conjure Flame            Conj/Fire      0%         6-21      100%        3
 Mephitic Cloud           Conj/Pois/Air  0%         N/A       100%        3


Dungeon Overview and Level Annotations

Branches:
Dungeon (8/15)             Temple (1/1) D:6
   Lair: D:8-11

Altars:
Ashenzari
Dithmenos
Elyvilon
Kikubaaqudgha
Makhleb
Nemelex Xobeh
Okawaru
Trog
Wu Jian
Zin
The Shining One

Annotations:
D:5 5 runed translucent doors


Innate Abilities, Weirdness & Mutations

You have a pair of horns on your head.
You reflexively headbutt those who attack you in melee.


Message History

The centaur shoots an arrow.
You reflect the arrow off your +1 tower shield of reflection!
The arrow hits the centaur.
The centaur shoots an arrow.
The arrow hits you.
* * * LOW HITPOINT WARNING * * *
The centaur shoots an arrow.
You reflect the arrow off your +1 tower shield of reflection!
The arrow hits the centaur!
The centaur shoots an arrow.
You reflect the arrow off your +1 tower shield of reflection!
The arrow hits the centaur!
The centaur shoots an arrow.
You reflect the arrow off your +1 tower shield of reflection!
The arrow closely misses the centaur.
The centaur shoots an arrow.
The arrow hits you.
* * * LOW HITPOINT WARNING * * *
The centaur shoots an arrow.
You reflect the arrow off your +1 tower shield of reflection!
The arrow hits the centaur!
You kill the centaur!
You block the sky beast's attack.
The orc warrior hits you with a +0 halberd.
* * * LOW HITPOINT WARNING * * *
The wight hits you with a +0 halberd.
* * * LOW HITPOINT WARNING * * *
You feel drained.
* * * LOW HITPOINT WARNING * * *
You puncture the wight!
The wight is heavily damaged.
You block the sky beast's attack.
The orc warrior hits you with a +0 halberd!
* * * LOW HITPOINT WARNING * * *
The wight hits you but does no damage. The wight hits you with a +0 halberd.
* * * LOW HITPOINT WARNING * * *
You puncture the wight!
You destroy the wight!
The wight hits you from afar with a +6 spear.
* * * LOW HITPOINT WARNING * * *
You feel drained.
You die...
Your body disappears without a glow.

..........#.#
....oY....#.#
..........#.#
......z.z##.# #####
.........#.. #...#
.......o.#.# #...#
.......zY#.## #...#######
.....)...zzz###..zg.zz..#
.........#....#.@Y#####.#
######.....##>#)#o#.#.#.#
..# ###..##...Z..z.....#
..# ##..###.#.#.#.#g#.#
.... .##................#
####.......##.#.#.#.#.#.#
.......... ....().......#
............#.#.#.#.#.###
.####..................#


You could see an orc warrior, a sky beast, a gnoll shaman, 4 wights and a
centaur zombie.

Vanquished Creatures
  An acid dragon (D:6)
  A water moccasin (D:6)
  Duvessa (D:7)
  An orc warrior (D:7)
  2 ice beasts
  6 ogres
  2 necrophages
  3 centaurs
  Blork the orc (D:6)
  A bullfrog (D:7)
  A scorpion (D:4)
  A gnoll sergeant (D:6)
  Dowan (D:7)
  A wight (D:8)
  A centaur zombie (D:6)
  A bullfrog zombie (D:6)
  A hound (D:5)
  A centaur skeleton (D:5)
  Crazy Yiuf (D:6)
  A jelly (D:5)
  3 iguanas
  Natasha (thrice) (D:2)
  3 orc wizards (D:4)
  A scorpion zombie (D:5)
  A hound zombie (D:5)
  A howler monkey zombie (D:6)
  5 gnolls (D:7)
  3 howler monkey skeletons
  4 adders
  A shadow imp (D:7)
  2 white imps (D:6)
  4 ufetubi
  A dart slug (D:1)
  14 orcs
  7 ball pythons
  3 endoplasms
  5 giant cockroaches
  7 goblins
  6 hobgoblins
  11 kobolds
  3 quokkas
  8 bats
  3 frilled lizards
  3 rats (D:2)
131 creatures vanquished.

Notes
Turn   | Place    | Note
-------+----------+-------------------------------------------
     0 | D:1      | siradein the Minotaur Fighter began the quest for the Orb.
     0 | D:1      | Reached XP level 1. HP: 19/19 MP: 0/0
   582 | D:1      | Reached skill level 3 in Long Blades
   670 | D:1      | Reached XP level 2. HP: 11/26 MP: 1/1
  1437 | D:2      | Reached skill level 4 in Long Blades
  1767 | D:2      | Found a faded altar of an unknown god.
  1857 | D:2      | Reached XP level 3. HP: 29/31 MP: 2/2
  2115 | D:2      | Noticed Natasha
  2124 | D:2      | Killed Natasha
  2125 | D:2      | Reached skill level 5 in Long Blades
  2339 | D:2      | Noticed Natasha
  2346 | D:2      | Killed Natasha
  2347 | D:2      | Reached XP level 4. HP: 34/39 MP: 3/3
  2416 | D:2      | Noticed Natasha
  2422 | D:2      | Killed Natasha
  2519 | D:3      | Reached skill level 6 in Long Blades
  2814 | D:3      | Reached XP level 5. HP: 44/45 MP: 4/4
  3497 | D:4      | Noticed an ogre
  3497 | D:4      | Noticed a necrophage
  3664 | D:4      | Found a broken altar of Ashenzari.
  3713 | D:4      | Killed an ogre
  3714 | D:4      | Reached skill level 7 in Long Blades
  3714 | D:4      | Reached XP level 6. HP: 51/51 MP: 5/5
  3730 | D:4      | Reached skill level 8 in Long Blades
  4219 | D:4      | Reached skill level 9 in Long Blades
  4384 | D:4      | Reached XP level 7. HP: 57/57 MP: 6/6
  4730 | D:5      | Entered Level 5 of the Dungeon
  4846 | D:5      | Reached skill level 10 in Long Blades
  5341 | D:5      | Found the +9 staff of Olgreb {rPois∞}
  5345 | D:5      | Found a runed translucent door.
  5367 | D:5      | Noticed a redback
  5369 | D:5      | Noticed a redback
  5370 | D:5      | Noticed a redback
  5370 | D:5      | Noticed a redback
  5370 | D:5      | Noticed a redback
  5371 | D:5      | Found a runed translucent gate.
  5372 | D:5      | Found a runed translucent gate.
  5384 | D:5      | Found a runed translucent gate.
  5393 | D:5      | Found a runed translucent door.
  5599 | D:5      | Reached skill level 11 in Long Blades
  5817 | D:6      | Reached XP level 8. HP: 59/64 MP: 7/7
  6032 | D:6      | Noticed Blork the orc
  6047 | D:6      | Killed Blork the orc
  6215 | D:6      | Found a runed translucent door.
  6216 | D:6      | Noticed Crazy Yiuf
  6278 | D:6      | Reached skill level 12 in Long Blades
  6316 | D:6      | Found a staircase to the Ecumenical Temple.
  6330 | Temple   | Entered the Ecumenical Temple
  6407 | Temple   | Became a worshipper of Nemelex Xobeh the Trickster
  7432 | D:6      | Killed Crazy Yiuf
  7492 | D:6      | Reached skill level 13 in Long Blades
  7614 | D:7      | Noticed Dowan
  8022 | D:7      | Noticed Duvessa
  8031 | D:7      | Killed Duvessa
  8043 | D:7      | Killed Dowan
  8044 | D:7      | Reached XP level 9. HP: 52/70 MP: 8/8
  8734 | D:7      | Reached skill level 14 in Long Blades
  8995 | D:7      | Reached skill level 1 in Invocations
  9022 | D:8      | Found an ornate altar of the Wu Jian Council.
  9067 | D:8      | HP: 1/69 [wight/+6 spear (6)]
  9067 | D:8      | Slain by a wight

Illustrated notes

Levels and vault maps discovered:
D:1:      dpeg_arrival_concentric_ovals, layout_loops_corners
D:2:      layout_loops_corners, ebering_ecumenical_altar_abandoned, uniq_natasha
D:3:      minmay_recursive_quarters, layout_basic
D:4:      layout_basic, cheibrodos_ashenzari_chains, palyth_stone_intersect,
          chequers_hall_statues_corner_a
D:5:      layout_cave_pools, chequers_serial_rivers_room_b,
          minmay_guarded_unrand_staff_of_olgreb
D:6:      layout_basic, minmay_temple_entry_glassed_door,
          uniq_crazy_yiuf_cottage, uniq_blork_the_orc
D:7:      layout_rooms, uniq_duvessa
D:8:      layout_rooms, nicolae_wu_jian_wuxing_cycle, erik_lair_orcish_takeover,
          enter_ossuary_2, st_stairs_10
Temple:   dpeg_five_rooms_temple

Skill      XL: |  1  2  3  4  5  6  7  8  9 |
---------------+----------------------------+-----
Long Blades    | 3 4 5 6 7 9 11 13 14 | 14.0
Fighting       | 4 |  4.2
Armour         | 4 |  4.1
Shields        | 4 |  4.1
Invocations    | 1 |  1.3

Action                   |  1- 3 |  4- 6 |  7- 9 || total
-------------------------+-------+-------+-------++-------
Melee: Long sword        |    75 |    74 |   163 ||   312
       Headbutt          |    10 |    14 |    57 ||    81
       Short sword       |       |    18 |    73 ||    91
       Dagger            |       |       |    30 ||    30
Armor: Chain mail        |    41 |    33 |   117 ||   191
       Scale mail        |     2 |       |       ||     2
Dodge: Dodged            |    15 |    12 |    31 ||    58
Block: Kite shield       |    45 |    51 |    23 ||   119
       Tower shield      |       |       |   207 ||   207
       Reflection        |       |       |    10 ||    10
       Rpst.: Long sword |     4 |     1 |     6 ||    11

Table legend: (Time is in decaauts)
 A = Elapsed time spent in this place.
 B = Non-inter-level travel time spent in this place.
 C = Inter-level travel time spent in this place.
 D = Time resting spent in this place.
 E = Time spent auto-exploring this place.
 F = Levels seen in this place.
 G = Mean time per level.
                   A        B        C        D        E       F      G
               +--------+--------+--------+--------+--------+-----+--------+
         Total |   9170 |   8836 |    334 |    870 |   6308 |   9 | 1018.9 |
       Dungeon |   8943 |   8658 |    285 |    770 |   6237 |   8 | 1117.9 |
        Temple |    226 |    177 |     49 |    100 |     71 |   1 |  226.0 |
               +--------+--------+--------+--------+--------+-----+--------+

Top non-repeatable levels by time:
     D:6: 1398 daAuts
     D:3: 1358 daAuts
     D:7: 1336 daAuts
     D:1: 1280 daAuts
     D:2: 1218 daAuts
     D:4: 1159 daAuts
     D:5: 1102 daAuts
  Temple: 226 daAuts
     D:8: 89 daAuts
